 Dungeon Crawl Stone Soup version 0.26-a0-662-g8b9c6dab81 (webtiles) character file.

Game seed: 9704965310841402438

119 oldriver the Magician (level 5, -4/28 HPs)
             Began as a Gargoyle Fire Elementalist on Oct 9, 2020.
             Slain by an orc
             ... wielding a +0 morningstar
              (10 damage)
             ... on level 2 of the Dungeon.
             The game lasted 00:04:50 (4519 turns).

oldriver the Magician (Gargoyle Fire Elementalist)  Turns: 4519, Time: 00:04:50

Health: -4/28      AC: 11    Str: 11    XL:     5   Next: 3%
Magic:  11/11      EV: 12    Int: 16    God:
Gold:   116        SH:  0    Dex: 11    Spells: 4/12 levels left

rFire    . . .     SeeInvis .   (no weapon)
rCold    . . .     Faith    .   (no shield)
rNeg     + . .     Spirit   .   a - +0 robe
rPois    ∞         Reflect  .   (no helmet)
rElec    +         Harm     .   i - +0 cloak
rCorr    .         Rampage  .   (no gloves)
MR       .....                  (no boots)
Stlth    ++........             (no amulet)
HPRegen  0.09/turn              f - +4 ring of protection
MPRegen  0.12/turn              (no ring)

@: no status effects
A: negative energy resistance 1, electricity resistance, unbreathing,
petrification resistance, rot immunity, AC +4
a: no special abilities


You were on level 2 of the Dungeon.
You visited 1 branch of the dungeon, and saw 3 of its levels.

You collected 116 gold pieces.

Inventory:

Armour
 a - a +0 robe (worn)
 i - a +0 cloak (worn)
Jewellery
 f - a +4 ring of protection (left hand)
Scrolls
 c - a scroll of remove curse {unknown}
 e - a scroll of fear {unknown}
 g - a scroll of identify {unknown}
 j - a scroll of noise {unknown}
 k - a scroll of enchant armour {unknown}
Potions
 b - 2 potions of invisibility {unknown}
 d - a potion of flight {unknown}
 h - a potion of stabbing {unknown}
 l - a potion of heal wounds {unknown}
 m - a potion of haste {unknown}


   Skills:
 - Level 1.5 Dodging
 - Level 2.1 Stealth
 * Level 4.4 Spellcasting
 + Level 1.4 Conjurations
 + Level 3.2 Fire Magic


You had 4 spell levels left.
You knew the following spells:

 Your Spells              Type           Power        Failure   Level
a - Foxfire               Conj/Fire      ##..         6%          1
b - Conjure Flame         Conj/Fire      ##......     19%         3
c - Sticky Flame          Conj/Fire      ##......     52%         4

Your spell library contained the following spells:

 Spells                   Type           Power        Failure   Level
 Inner Flame              Hex/Fire       #.......     26%         3
 Fireball                 Conj/Fire      ##........   86%         5


Dungeon Overview and Level Annotations

Branches:
Dungeon (3/15)

Altars:
Kikubaaqudgha


Innate Abilities, Weirdness & Mutations

You are resistant to torment.
Your stone body is resilient. (AC +4)
You are immune to poison.
You resist negative energy. (rN+)
You are resistant to electric shocks. (rElec)
You can survive without breathing.
You are immune to petrification.
You are immune to rotting.


Message History

The orc closely misses you. x2
The quokka bites you but does no damage.
You hit the orc but do no damage.
The orc is heavily wounded.
The orc barely misses you. The quokka barely misses you.
The orc hits you with a +0 morningstar.
You hit the orc but do no damage.
The orc is heavily wounded.
The orc hits you with a +0 hand axe.
* * * LOW HITPOINT WARNING * * *
The quokka bites you but does no damage.
The orc hits you but does no damage.
You closely miss the orc.
The orc is heavily wounded.
The quokka bites you but does no damage.
The orc barely misses you.
You barely miss the orc.
The orc is heavily wounded.
The quokka barely misses you. The orc hits you with a +0 morningstar!
You die...

##.......#### #...#.........
#........# ##.....#####..<
#.#......# ##......# #..(
#...###### ##...<...######.#
##.## #.....>.........# #.#
##### ##.......######## #.#
#.#.# ##......####....
#.###.#.#######..........###
#.#..#.#.or@o.......######
#.#.#.....o#####.####
#.#..P..)### #.# #.###.#..#
#.# #.# ###### #.# #.# ###
#.# #.# #.# #.# # #.# #.#
#.# # #.#####.# #.# #


You could see 3 orcs and a quokka.

Vanquished Creatures
  4 adders
  An ooze (D:2)
  A worm (D:2)
  2 dart slugs (D:1)
  A leopard gecko (D:2)
  5 orcs
  7 bats
  A giant cockroach (D:2)
  5 hobgoblins
  5 jackals
  2 quokkas (D:3)
  5 ball pythons (D:2)
  5 frilled lizards
  7 goblins
  8 kobolds
  10 rats
69 creatures vanquished.

Vanquished Creatures (collateral kills)
  9 foxfires (D:1)
9 creatures vanquished.

Vanquished Creatures (others)
  311 foxfires
  7 plants
318 creatures vanquished.

Grand Total: 396 creatures vanquished

Notes
Turn   | Place    | Note
-------+----------+-------------------------------------------
     0 | D:1      | oldriver the Gargoyle Fire Elementalist began the quest for
                  | the Orb.
     0 | D:1      | Reached XP level 1. HP: 10/10 MP: 3/3
   309 | D:1      | Reached XP level 2. HP: 15/15 MP: 0/5
  1310 | D:1      | Reached skill level 3 in Spellcasting
  1716 | D:1      | Reached XP level 3. HP: 19/19 MP: 2/7
  3112 | D:2      | Reached XP level 4. HP: 24/24 MP: 5/9
  3406 | D:2      | Found an ancient bone altar of Kikubaaqudgha.
  3551 | D:2      | Reached skill level 4 in Spellcasting
  3807 | D:2      | Learned a level 3 spell: Conjure Flame
  3812 | D:2      | Learned a level 4 spell: Sticky Flame
  4404 | D:2      | Reached XP level 5. HP: 24/28 MP: 5/11
  4519 | D:2      | Slain by an orc

Illustrated notes

Levels and vault maps discovered:
D:1:      dpeg_arrival_shelter, layout_basic, serial_forest,
          infiniplex_forest_clump_curved, infiniplex_forest_lined_3,
          infiniplex_forest_join, infiniplex_forest_lined_room_2,
          infiniplex_forest_clump_curved, infiniplex_forest_lined_3_way,
          infiniplex_forest_lined_room_3
D:2:      cheibrodos_helix_gallery, layout_loops_ring, lemuel_crystal_altar,
          minmay_shallow_snake_nest
D:3:      layout_rooms, lemuel_crystal_altar, grunt_decor_resistance,
          nicolae_dithmenos_through_a_glass_darkly, uniq_crazy_yiuf_cottage

Skill      XL: |  1  2  3  4 |
---------------+-------------+-----
Spellcasting   | 3 4 |  4.4
Dodging        | |  1.5
Stealth        | |  2.1
Conjurations   | |  1.4
Fire Magic     | |  3.2

Action                   |  1- 3 |  4- 6 || total
-------------------------+-------+-------++-------
Melee: Unarmed           |    11 |    13 ||    24
 Cast: Foxfire           |   134 |    87 ||   221
Armor: Robe              |    13 |    26 ||    39
Dodge: Dodged            |    33 |    43 ||    76

Table legend: (Time is in decaauts)
 A = Elapsed time spent in this place.
 B = Non-inter-level travel time spent in this place.
 C = Inter-level travel time spent in this place.
 D = Time resting spent in this place.
 E = Time spent auto-exploring this place.
 F = Levels seen in this place.
 G = Mean time per level.
                   A        B        C        D        E       F      G
               +--------+--------+--------+--------+--------+-----+--------+
         Total |   4524 |   4476 |     48 |   1956 |   1893 |   3 | 1508.0 |
       Dungeon |   4524 |   4476 |     48 |   1956 |   1893 |   3 | 1508.0 |
               +--------+--------+--------+--------+--------+-----+--------+

Top non-repeatable levels by time:
     D:2: 2338 daAuts
     D:1: 2063 daAuts
     D:3: 122 daAuts
